 Dungeon Crawl Stone Soup version 0.23-a0-573-g25f4479 (webtiles) character file.

37 riellis the Shield-Bearer (level 3, -3/29 HPs)
             Began as a Formicid Fighter on Dec 13, 2018.
             Killed from afar by Sigmund (7 damage)
             ... with a puff of flame
             ... on level 2 of the Dungeon.
             The game lasted 00:02:18 (1197 turns).

riellis the Shield-Bearer (Formicid Fighter)        Turns: 1197, Time: 00:02:19

Health: -3/29      AC:  6    Str: 25    XL:     3   Next: 62%
Magic:  3/3        EV: 13    Int:  7    God:
Gold:   65         SH: 10    Dex: 16    Spells: 2/2 levels left

rFire    . . .     SeeInvis +   a - +0 war axe
rCold    . . .     Gourm    .   c - +0 shield
rNeg     . . .     Faith    .   b - +0 scale mail
rPois    .         Spirit   .   (helmet unavailable)
rElec    .         Reflect  .   (no cloak)
rCorr    .         Harm     .   (no gloves)
MR       .....                  (no boots)
Stlth    +.........             (no amulet)
HPRegen  0.09/turn              (no ring)
MPRegen  0.08/turn              (no ring)

@: mighty, agile
A: permanent stasis, dig shafts and tunnels, four strong arms, antennae 3
a: Dig, Shaft Self


You were on level 2 of the Dungeon.
You were not hungry.

You visited 1 branch of the dungeon, and saw 2 of its levels.

You collected 65 gold pieces.

Inventory:

Hand Weapons
 a - a +0 war axe (weapon)
 e - a +4 short sword of protection
Armour
 b - a +0 scale mail (worn)
 c - a +0 shield (worn)
Scrolls
 g - 2 scrolls of amnesia
 h - a scroll of remove curse
 j - 2 scrolls of identify
Potions
 i - a potion of flight
Comestibles
 f - 4 rations


   Skills:
 + Level 3.6 Fighting
 * Level 2.8 Axes
 + Level 3.6 Armour
 + Level 4.0 Shields


You had 2 spell levels left.
You didn't know any spells.
Your spell library was empty.

Dungeon Overview and Level Annotations

Branches:
Dungeon (2/15)

Altars:

Annotations:
D:2 Natasha, Sigmund


Innate Abilities, Weirdness & Mutations

You cannot be hasted, slowed, berserked, paralysed or teleported.
You can dig through walls and to a lower floor.
Your four strong arms can wield two-handed weapons with a shield.
You have a pair of large antennae on your head. (SInv)


Message History

Natasha claws you! You block Sigmund's attack. Natasha claws you!
* * * LOW HITPOINT WARNING * * *
It was a potion of agility.
You feel agile all of a sudden. Natasha misses you.
Your shield and scale mail prevent you from hitting Natasha.
Natasha claws you.
* * * LOW HITPOINT WARNING * * *
You block Sigmund's attack. You block Natasha's attack.
A kobold comes into view. It is wielding a +0 dagger.
You block Natasha's attack.
Sigmund gestures wildly while chanting.
Sigmund flickers and vanishes for a moment.
You block Natasha's attack.
Found a tourmaline ring and a hunting sling.
You completely miss Sigmund. You closely miss Natasha.
Natasha closely misses you. Sigmund casts a spell at you.
The puff of flame hits you!
You die...

....... ### ...... ...
...K. #.## #...# #..##
#...# ## #†.##### ..)
#.## ##......
##@#####.###...####
.####.@h...#..#....#
.........##=##..=..##
#.####.!.##.###...######
........##.............
#####.#.######..#######
##.#.# #..# ####....###
#..# .....#..(.####..#
.###....#....[..#


You could see Sigmund (invisible), Natasha and a kobold.

Vanquished Creatures
  An ooze (D:2)
  A dart slug (D:1)
  4 bats (D:1)
  A giant cockroach (D:1)
  5 goblins (D:1)
  4 hobgoblins (D:1)
  2 frilled lizards
  6 kobolds (D:1)
  6 rats (D:1)
30 creatures vanquished.

Notes
Turn   | Place    | Note
-------+----------+-------------------------------------------
     0 | D:1      | riellis the Formicid Fighter began the quest for the Orb.
     0 | D:1      | Reached XP level 1. HP: 18/18 MP: 1/1
    63 | D:1      | Reached XP level 2. HP: 22/24 MP: 2/2
   445 | D:1      | Reached XP level 3. HP: 29/29 MP: 3/3
  1106 | D:2      | Reached skill level 4 in Shields
  1188 | D:2      | Noticed Natasha
  1189 | D:2      | Noticed Sigmund
  1197 | D:2      | Killed from afar by Sigmund

Vault maps used:
D:1:      kennysheep_arrival_seaside
D:2:      good_gods_temple_1, uniq_sigmund, uniq_robin, uniq_natasha

Skill      XL: |  1  2  3 |
---------------+----------+-----
Shields        | 4 |  4.0
Fighting       | |  3.6
Axes           | |  2.8
Armour         | |  3.6

Action                   || total
-------------------------++-------
Melee: War axe           ||   102
  Use: Scroll            ||     4
       Potion            ||     2
  Eat: Chunk             ||     1
Armor: Scale mail        ||    52
Dodge: Dodged            ||    33
Block: Shield            ||    75

Table legend:
 A = Non-vault XP
 B = Vault XP
 C = Vault XP percentage of total XP
 D = Non-vault monster count
 E = Vault monster count
 F = Vault count percentage of total count
                 A         B        C        D         E       F
            +---------+---------+-------+---------+---------+-------
      Total |      54 |       0 |   0.0 |      30 |       0 |   0.0
            +---------+---------+-------+---------+---------+-------
        D:1 |      46 |       0 |   0.0 |      28 |       0 |   0.0
        D:2 |       8 |       0 |   0.0 |       2 |       0 |   0.0
            +---------+---------+-------+---------+---------+-------
